 Dungeon Crawl Stone Soup version 0.21.1-1-g345015f (webtiles) character file.

19618 chorionicmirror the Basher (level 12, -36/103 HPs)
             Began as a Hill Orc Fighter on June 9, 2018.
             Was a High Priest of Yredelemnul.
             Annihilated by a titanic slime creature (93 damage)
             ... on level 13 of the Dungeon.
             The game lasted 01:52:33 (12101 turns).

chorionicmirror the Basher (Hill Orc Fighter)      Turns: 12101, Time: 01:52:34

Health: -36/103    AC: 17    Str: 35    XL:     12   Next: 70%
Magic:  17/17      EV: 10    Int: 10    God:    Yredelemnul [*****.]
Gold:   781        SH: 14    Dex: 14    Spells: 11/11 levels left

rFire    . . .     SeeInvis .   E - +6 flail of a Billion Deaths {venom, *Contam rElec Str+4}
rCold    + + .     Gourm    +   c - +0 shield
rNeg     . . .     Faith    .   q - +4 chain mail {rC+}
rPois    .         Spirit   .   y - +0 helmet
rElec    +         Reflect  .   B - +0 cloak
rCorr    .         Harm     .   (no gloves)
MR       .....                  (no boots)
Stlth    ..........             G - amulet of the gourmand
HPRegen  0.27/turn              g - ring "Bamesan" {+Inv rC+ Str+6 Slay+5}
MPRegen  0.15/turn              s - ring "Loycsiext" {Str+3 Dex+4}

@: no status effects
A: blurry vision 1
a: Recall Undead Slaves, Injury Mirror, Animate Dead, Drain Life, Enslave Soul,
Renounce Religion, Evoke Invisibility


You were on level 13 of the Dungeon.
You worshipped Yredelemnul.
Yredelemnul was extremely pleased with you.
You were completely stuffed.

You visited 2 branches of the dungeon, and saw 14 of its levels.
You also visited: Labyrinth.

You collected 1055 gold pieces.
You spent 274 gold pieces at shops.

Inventory:

Hand Weapons
 i - a cursed +2 flail
 n - the +6 war axe "Cynan" {protect, +Blink +Inv Int+4}
   (You took it off a minotaur in a labyrinth)

   It protects the one who uses it against injury (+AC on strike).
   It affects your intelligence (+4).
   It lets you turn invisible.
   It lets you blink.
 A - a +2 quarterstaff of chaos
 D - a +0 trident of freezing
 E - the +6 flail of a Billion Deaths (weapon) {venom, *Contam rElec Str+4}
   (You found it on level 8 of the Dungeon)

   It poisons the flesh of those it strikes.
   It affects your strength (+4).
   It insulates you from electricity.
   It causes magical contamination when unequipped.
 H - the +7 Singing Sword
   (You found it on level 9 of the Dungeon)
Armour
 c - a +0 shield (worn)
 o - a +2 ring mail of fire resistance
 q - a +4 chain mail of cold resistance (worn)
 y - a +0 helmet (worn)
 B - a +0 cloak (worn)
Jewellery
 d - a +3 ring of protection
 g - the ring "Bamesan" (left hand) {+Inv rC+ Str+6 Slay+5}
   (You took it off a minotaur in a labyrinth)

   [ring of strength]

   It affects your strength (+6).
   It affects your accuracy and damage with ranged weapons and melee attacks
   (+5).
   It protects you from cold.
   It lets you turn invisible.
 s - the ring "Loycsiext" (right hand) {Str+3 Dex+4}
   (You found it in a labyrinth)

   [ring of strength]

   It affects your strength (+3).
   It affects your dexterity (+4).
 w - an uncursed ring of fire
 x - a +2 ring of dexterity
 G - an amulet of the gourmand (around neck)
 K - an uncursed ring of positive energy
Wands
 e - a wand of acid (6)
 l - a wand of flame (40)
 m - a wand of enslavement (13)
 p - a wand of paralysis (16)
 r - a wand of iceblast (9)
 C - a wand of disintegration (17)
 I - a wand of digging (14)
 V - a wand of random effects (31)
Scrolls
 a - 4 scrolls of teleportation
 h - a scroll of enchant armour
 j - 12 scrolls of remove curse
 u - a scroll of fear
 z - 4 scrolls of enchant weapon
 J - 2 scrolls of fog
 L - 2 scrolls of identify
Potions
 b - 4 potions of curing
 t - a potion of heal wounds
 v - a potion of ambrosia
 P - a potion of might
 R - 3 potions of resistance
Books
 k - a book of Misfortune

   Spells                             Type                      Level
   a - Confusing Touch                Hexes                        1
   b - Confuse                        Hexes                        3
   c - Gell's Gravitas                Translocation                3
   d - Petrify                        Transmutation/Earth          4
   e - Metabolic Englaciation         Hexes/Ice                    5
   f - Yara's Violent Unravelling     Hexes/Transmutation          5
 M - a book of Ice

   Spells                             Type                      Level
   a - Ice Form                       Ice/Transmutation            4
   b - Metabolic Englaciation         Hexes/Ice                    5
   c - Ozocubu's Refrigeration        Ice                          6
   d - Bolt of Cold                   Conjuration/Ice              6
   e - Freezing Cloud                 Conjuration/Ice/Air          6
   f - Simulacrum                     Ice/Necromancy               6
Miscellaneous
 U - a lightning rod (4/4)
Comestibles
 f - 23 rations
 F - 7 chunks of flesh


   Skills:
 + Level 8.4 Fighting
 - Level 4.3(11.5) Axes
 * Level 13.7(13.9) Maces & Flails
 + Level 8.6 Armour
 + Level 2.7 Dodging
 + Level 2.1 Stealth
 * Level 12.0 Shields
 + Level 6.7 Invocations
 + Level 0.1 Evocations


You had 11 spell levels left.
You didn't know any spells.

Dungeon Overview and Level Annotations

Branches:
Dungeon (13/15)            Temple (1/1) D:5            Lair (0/6) D:11
    Orc (0/2) D:12
 Vaults: D:13-14

Altars:
Ashenzari
Cheibriados
Dithmenos
Elyvilon
Fedhas
Gozag
Hepliaklqana
Kikubaaqudgha
Makhleb
Nemelex Xobeh
Okawaru
Qazlal
Ru
Sif Muna
Trog
Uskayaw
Vehumet
Wu Jian
Xom
Yredelemnul
Zin
The Shining One

Shops:
D:6 =   D:7 *


Innate Abilities, Weirdness & Mutations

Scrolls take you a little longer to read.


Message History

The slime creature is lightly wounded.
The slime creature quivers.
The slime creature hits you but does no damage.
You bludgeon the slime creature!!
The slime creature is heavily wounded.
You block the slime creature's attack.
You hit the slime creature.
The slime creature is poisoned.
The slime creature is heavily wounded.
Two slime creatures merge to form a titanic slime creature.
You sock the titanic slime creature!
The titanic slime creature is lightly wounded.
A vault guard comes into view. It is wielding a long sword.
The vault guard shouts!
Your flying skull hits the titanic slime creature.
You thump the titanic slime creature!
The titanic slime creature is lightly wounded.
The titanic slime creature hits you!!!!
Ouch! That really hurt!
You die...
Your body rises from the dead as a mindless zombie. z# #z# z# #z# z# #.# z# #.# .# #.########### z# #zzzzz.zz.zz#

z#
###########z#
Z# #z####.#
## #@JJp..#
########


You could see a vault guard, a titanic slime creature, a slime creature and 4
friendly flying skulls.

Vanquished Creatures
  A minotaur (Lab)
  Josephine (D:12)
  2 two-headed ogres
  The ghost of Stormhunter the Cleaver, a novice GrSk of Okawaru (D:8)
  A wolf spider zombie (D:13)
  3 cyclopes
  The ghost of diana the Nimble, a novice TeGl of Gozag (D:6)
  A centaur skeleton (D:12)
  2 komodo dragons
  A troll (D:10)
  A hippogriff (D:13)
  2 shadows
  15 yaks
  2 wraiths (D:12)
  A hungry ghost (D:9)
  2 water moccasins
  2 orc warriors
  A hornet zombie (D:10)
  6 sky beasts
  An ice beast (D:7)
  2 necrophages
  A phantom (D:5)
  4 ogres
  A wolf (D:9)
  The ghost of inc the Ducker, an amateur DsMo of Wu Jian (D:3)
  3 centaurs
  A crocodile (D:13)
  A big kobold (D:9)
  5 bullfrogs
  4 scorpions
  6 killer bees
  5 wights
  3 howler monkeys
  2 bullfrog zombies (D:12)
  10 crimson imps
  2 centaur zombies
  8 hounds
  A quasit (D:9)
  3 bullfrog skeletons
  A jelly (D:6)
  9 orc wizards
  5 orc priests
  Crazy Yiuf (D:7)
  Terence (D:2)
  Jessica (D:2)
  4 iguanas
  5 worker ants
  2 killer bee zombies
  A hound zombie (D:5)
  A hound skeleton (D:8)
  A howler monkey skeleton (D:5)
  7 adders
  4 shadow imps
  An ooze (D:2)
  An adder skeleton (D:4)
  2 adder zombies
  2 worms
  4 dart slugs
  4 leopard geckos
  25 orcs
  4 giant cockroaches
  7 goblins
  7 hobgoblins
  11 jackals
  13 kobolds
  7 quokkas
  A ball python (D:3)
  11 bats
  6 frilled lizards
  A leopard gecko skeleton (D:5)
  A leopard gecko zombie (D:6)
  10 rats
  A fungus (D:3)
272 creatures vanquished.

Vanquished Creatures (collateral kills)
  A hydra (D:13)
  A two-headed ogre (D:11)
  The ghost of diana the Carver, a journeyman TeGl of Gozag (D:11)
  3 unseen horrors
  2 slime creatures (D:12)
  A gargoyle (D:13)
  A yaktaur (D:10)
  A hippogriff (D:10)
  A spriggan (D:7)
  2 wraiths (D:12)
  14 yaks
  2 wyverns
  Grum (D:9)
  A soldier ant (D:13)
  2 water moccasins (D:10)
  An orc warrior (D:11)
  2 phantoms
  An eye of draining (D:12)
  2 wolves (D:9)
  An ogre (D:9)
  3 centaurs (D:12)
  A crocodile (D:10)
  4 bullfrogs
  A big kobold (D:10)
  A wyvern zombie (D:10)
  8 killer bees
  7 wights
  4 howler monkeys
  3 crimson imps
  A jelly (D:9)
  An orc priest (D:11)
  3 orc wizards
  An iguana (D:13)
  4 worker ants
  4 adders
  3 shadow imps
  17 orcs
  2 jackals (D:10)
  4 kobolds (D:9)
  A fungus (D:7)
  3 plants (D:10)
117 creatures vanquished.

Vanquished Creatures (others)
  A vampire (D:11)
  5 flying skulls
  A yaktaur zombie (D:10)
  A centaur zombie (D:12)
  2 orc priests (D:3)
  2 killer bee zombies (D:7)
  An ogre zombie (D:8)
  A sky beast zombie (D:8)
  A hound zombie (D:10)
  A mummy (D:8)
  4 orcs (D:3)
  6 orc zombies
26 creatures vanquished.

Grand Total: 415 creatures vanquished

Notes
Turn   | Place    | Note
-------+----------+-------------------------------------------
     0 | D:1      | chorionicmirror the Hill Orc Fighter began the quest for the Orb.
     0 | D:1      | Reached XP level 1. HP: 19/19 MP: 1/1
   100 | D:1      | Reached XP level 2. HP: 19/27 MP: 2/2
   428 | D:1      | Reached XP level 3. HP: 30/33 MP: 3/3
  1059 | D:2      | Reached XP level 4. HP: 34/40 MP: 4/4
  1170 | D:2      | Noticed Terence
  1179 | D:2      | Killed Terence
  1377 | D:2      | Noticed Jessica
  1382 | D:2      | Killed Jessica
  1382 | D:2      | Reached XP level 5. HP: 46/46 MP: 5/5
  1594 | D:2      | Found a basalt altar of Yredelemnul.
  1602 | D:2      | Became a worshipper of Yredelemnul the Dark
  2111 | D:3      | Reached skill level 1 in Maces & Flails
  2380 | D:3      | Noticed inc's ghost (amateur DsMo)
  2399 | D:3      | Killed inc's ghost
  2399 | D:3      | Reached skill level 2 in Maces & Flails
  2399 | D:3      | Reached skill level 5 in Shields
  2399 | D:3      | Reached XP level 6. HP: 31/52 MP: 6/6
  2576 | D:3      | Found an opulent altar of Gozag.
  2633 | D:3      | Found a radiant altar of Vehumet.
  2802 | D:3      | Reached * piety under Yredelemnul
  3294 | D:4      | Reached skill level 3 in Maces & Flails
  3384 | D:4      | Reached skill level 1 in Dodging
  3474 | D:4      | Reached XP level 7. HP: 58/60 MP: 7/7
  3588 | D:4      | Reached skill level 4 in Maces & Flails
  3835 | D:5      | Entered Level 5 of the Dungeon
  4034 | D:5      | Reached skill level 5 in Maces & Flails
  4041 | D:5      | Found a staircase to the Ecumenical Temple.
  4075 | D:5      | Reached XP level 8. HP: 67/67 MP: 8/8
  4107 | Temple   | Entered the Ecumenical Temple
  4231 | D:5      | Found an iron altar of Okawaru.
  4261 | D:5      | Reached skill level 6 in Maces & Flails
  4339 | D:5      | Reached ** piety under Yredelemnul
  4506 | D:6      | Noticed diana's ghost (novice TeGl)
  4507 | D:6      | Found a bloodstained altar of Trog.
  4526 | D:6      | Killed diana's ghost
  4526 | D:6      | Reached skill level 5 in Fighting
  4526 | D:6      | Reached skill level 7 in Maces & Flails
  4612 | D:6      | Reached skill level 8 in Maces & Flails
  4626 | D:6      | Found a stormy altar of Qazlal.
  4658 | D:6      | Found a snail-covered altar of Cheibriados.
  4665 | D:6      | Reached XP level 9. HP: 74/74 MP: 9/9
  4694 | D:6      | Reached skill level 5 in Armour
  4755 | D:6      | Found Gagogewn's Jewellery Shoppe.
  4773 | D:6      | Reached skill level 1 in Invocations
  4840 | D:6      | Bought an uncursed ring of flight for 192 gold pieces
  4840 | D:6      | Bought a +2 ring of dexterity for 82 gold pieces
  5411 | D:7      | Noticed a two-headed ogre
  5429 | D:7      | Killed a two-headed ogre
  5429 | D:7      | Reached skill level 9 in Maces & Flails
  5483 | D:7      | Reached skill level 10 in Maces & Flails
  5635 | D:7      | Found Heh Jaing's Assorted Antiques.
  5675 | D:7      | Reached *** piety under Yredelemnul
  5831 | D:7      | Found a shattered altar of Ashenzari.
  5874 | D:7      | Reached XP level 10. HP: 84/84 MP: 11/11
  5927 | D:7      | Found a deep blue altar of Sif Muna.
  6128 | D:7      | Received a gift from Yredelemnul (a mummy)
  6491 | D:7      | Found a runed door.
  6495 | D:7      | Noticed Crazy Yiuf
  6501 | D:7      | Killed Crazy Yiuf
  6660 | D:8      | Noticed Stormhunter's ghost (novice GrSk)
  6681 | D:8      | Killed Stormhunter's ghost
  6838 | D:8      | Received a gift from Yredelemnul (4 flying skulls)
  6859 | D:8      | Got a crude flail
  6860 | D:8      | Identified the +6 flail of a Billion Deaths {venom, *Contam rElec Str+4} (You found it on level 8 of the Dungeon)
  6938 | D:8      | Reached skill level 11 in Maces & Flails
  7275 | D:9      | Found the +7 Singing Sword
  7282 | D:9      | Noticed a cyclops
  7292 | D:9      | Killed a cyclops
  7321 | D:9      | Reached **** piety under Yredelemnul
  7333 | D:9      | Noticed Grum
  7339 | D:9      | Killed Grum
  7666 | D:9      | Received a gift from Yredelemnul (a wraith)
  7826 | D:9      | Found a burning altar of Makhleb.
  7826 | D:9      | Found an opulent altar of Gozag.
  7874 | D:10     | Entered Level 10 of the Dungeon
  8037 | D:10     | Noticed a two-headed ogre
  8044 | D:10     | Killed a two-headed ogre
  8044 | D:10     | Reached skill level 10 in Shields
  8044 | D:10     | Reached XP level 11. HP: 57/92 MP: 13/13
  8143 | D:10     | Received a gift from Yredelemnul (4 flying skulls)
  8328 | D:10     | Reached skill level 12 in Maces & Flails
  8340 | D:10     | Killed an unseen horror
  8360 | D:10     | Killed an unseen horror
  8659 | D:10     | Received a gift from Yredelemnul (a vampire)
  8769 | D:10     | Reached ***** piety under Yredelemnul
  9018 | D:11     | Noticed diana's ghost (journeyman TeGl)
  9039 | D:11     | Killed diana's ghost
  9057 | D:11     | Noticed a two-headed ogre
  9061 | D:11     | Killed a two-headed ogre
  9342 | D:11     | Found a staircase to the Lair.
  9583 | D:12     | Noticed a cyclops
  9589 | D:12     | Killed a cyclops
  9589 | D:12     | Received a gift from Yredelemnul (3 flying skulls)
  9614 | D:12     | Reached skill level 1 in Stealth
  9641 | D:12     | Found a staircase to the Orcish Mines.
  9733 | D:12     | Found a labyrinth entrance.
  9740 | Lab      | Entered a labyrinth
 10261 | Lab      | Noticed a minotaur
 10282 | Lab      | Killed a minotaur
 10282 | Lab      | Reached skill level 13 in Maces & Flails
 10282 | Lab      | Reached skill level 5 in Invocations
 10282 | Lab      | Reached XP level 12. HP: 33/101 MP: 9/15
 10315 | Lab      | Got a glittering bone ring
 10316 | Lab      | Got a dazzling war axe {protect}
 10330 | Lab      | Got a scorched lead ring
 10334 | D:12     | Identified the +6 war axe "Cynan" {protect, +Blink +Inv Int+4} (You took it off a minotaur in a labyrinth)
 10368 | D:12     | Gained mutation: Scrolls take you a little longer to read. [mutagenic glow]
 11079 | D:12     | Noticed Josephine
 11097 | D:12     | Killed Josephine
 11205 | D:12     | Identified the ring "Loycsiext" {Str+3 Dex+4} (You found it in a labyrinth)
 11207 | D:12     | Identified the ring "Bamesan" {+Inv rC+ Str+6 Slay+5} (You took it off a minotaur in a labyrinth)
 11924 | D:13     | Noticed a centaur warrior
 11932 | D:13     | Killed a centaur warrior
 11932 | D:13     | Enslaved a centaur warrior
 11937 | D:13     | Found a deep blue altar of Sif Muna.
 11981 | D:13     | Noticed a six-headed hydra
 11993 | D:13     | Killed a six-headed hydra
 12100 | D:13     | Noticed a vault guard
 12101 | D:13     | Annihilated by a titanic slime creature

Skill      XL: |  1  2  3  4  5  6  7  8  9 10 11 12 |
---------------+-------------------------------------+-----
Axes           | 3 4 |  4.3
Fighting       | 4 5 6 7 8 |  8.4
Shields        | 4 5 6 8 10 11 12 | 12.0
Maces & Flails | 2 3 5 8 10 11 13 | 13.7
Armour         | 4 5 6 7 8 |  8.6
Dodging        | 1 2 |  2.7
Invocations    | 1 3 5 6 |  6.7
Stealth        | 1 2 |  2.1
Evocations     | |  0.1

Action                   |  1- 3 |  4- 6 |  7- 9 | 10-12 || total
-------------------------+-------+-------+-------+-------++-------
Melee: War axe           |   176 |    26 |       |       ||   202
       Flail             |       |   182 |   261 |   470 ||   913
Invok: Animate Remains   |       |       |     5 |       ||     5
       Animate Dead      |       |       |     1 |    25 ||    26
       Recall Undead Sla |       |       |       |     6 ||     6
       Injury Mirror     |       |       |       |     1 ||     1
       Drain Life        |       |       |       |     1 ||     1
       Enslave Soul      |       |       |       |     2 ||     2
Evoke: Wand              |       |       |       |     3 ||     3
       Lightning rod     |       |       |       |     1 ||     1
  Use: Potion            |     3 |     3 |     3 |     7 ||    16
       Scroll            |     5 |     2 |     3 |    10 ||    20
 Stab: Distracted        |       |       |       |     8 ||     8
  Eat: Chunk             |     1 |     4 |     4 |    33 ||    42
       Ration            |       |     1 |     2 |     2 ||     5
Armor: Scale mail        |   109 |    84 |    21 |       ||   214
       Chain mail        |       |       |   105 |   170 ||   275
       Skin              |       |       |     9 |    14 ||    23
Dodge: Dodged            |    61 |    74 |    52 |    96 ||   283
Block: Shield            |   103 |   135 |   136 |   243 ||   617
